Map: [ESL] Curious Minds

Players

herO

  • Race: Protoss Protoss

Nice - Winner!

  • Race: Protoss Protoss

Event: IEM Katowice 2022

VOD

Have the link to the VOD?

Description

Time

  • Played on: Feb. 23, 2022, 6:25 a.m.
  • Length: 9:30

All games in this series

Show
View Real Time Build Order
Export as new Build Order

herO Protoss 

Build Orders: Blink Stalkers 

Get SALT Encoding   

  12  0:00  Probe  
  13  0:12  Probe  
  14  0:18  Pylon  
  14  0:24  Probe (Chrono Boost)  
  15  0:36  Probe (Chrono Boost)  
  15  0:37  Gateway  
  16  0:44  Probe (Chrono Boost)  
  16  0:47  Assimilator  
  17  0:50  Probe  
  17  0:55  Assimilator  
  18  1:02  Probe  
  19  1:09  Gateway  
  19  1:15  Probe  
  20  1:24  Cybernetics Core  
  20  1:27  Probe  
  20  1:32  Pylon  
  21  1:39  Probe  
  22  1:51  Probe  
  23  2:00  Stalker (Chrono Boost)  
  23  2:01  Stalker (Chrono Boost), Warp Gate  
  27  2:03  Probe  
  27  2:06  Pylon  
  28  2:26  Stalker x2 (Chrono Boost)  
  32  2:34  Pylon  
  32  2:35  Probe  
  33  2:42  Pylon  
  32  2:47  Probe  
  33  2:51  Stalker  
  33  2:52  Stalker  
  38  3:08  Twilight Council  
  37  3:30  Nexus  
  37  3:32  Probe  
  38  3:36  Pylon  
  38  3:41  Blink (Chrono Boost)  
  38  3:44  Probe  
  39  3:55  Sentry  
  41  3:57  Probe  
  42  4:04  Sentry  
  42  4:09  Shield Battery  
  44  4:10  Pylon  
  44  4:11  Probe  
  45  4:23  Probe  
  46  4:29  Forge  
  46  4:35  Probe  
  47  4:40  Stalker x2  
  47  4:42  Probe  
  52  4:47  Probe  
  53  4:55  Probe  
  53  4:59  Probe  
  55  5:03  Protoss Ground Weapons Level 1  
  55  5:08  Probe  
  55  5:09  Assimilator  
  55  5:11  Probe  
  55  5:12  Robotics Facility  
  55  5:14  Phoenix  
  57  5:20  Probe  
  58  5:23  Stalker, Probe  
  58  5:26  Pylon  
  58  5:27  Pylon  
  61  5:33  Probe  
  62  5:39  Gateway  
  62  5:44  Probe  
  62  5:45  Probe  
  62  5:47  Stalker  
  64  5:56  Probe  
  64  5:57  Gateway, Probe  
  62  6:02  Charge  
  59  6:14  Probe  
  59  6:15  Warp Prism (Chrono Boost), Probe  
  61  6:25  Stalker x2  
  65  6:26  Probe  
  65  6:27  Probe  
  67  6:44  Observer (Chrono Boost)  
  67  6:46  Gateway x2  
  68  7:02  Immortal (Chrono Boost), Nexus  
  68  7:05  Pylon  
  72  7:11  Stalker x3  
  72  7:12  Probe x2, Protoss Ground Weapons Level 2 (Chrono Boost)  
  74  7:24  Probe x2  
  74  7:28  Shield Battery  
  76  7:38  Immortal (Chrono Boost), Probe x2  
  82  7:53  Zealot x2  
  82  7:55  Pylon  
  86  8:07  Robotics Bay  
  86  8:08  Pylon  
  86  8:13  Zealot x4  
  94  8:20  Zealot x2  
  94  8:35  Zealot x4  
  94  8:40  Zealot  
  84  8:57  Zealot x3  
  84  9:02  Zealot  
Show
View Real Time Build Order
Export as new Build Order

Nice Protoss - Winner!

Build Orders: Oracle Opening, Zealot Archon 

Get SALT Encoding   

  12  0:00  Probe  
  13  0:12  Probe  
  14  0:19  Pylon  
  14  0:24  Probe  
  15  0:37  Probe (Chrono Boost)  
  15  0:38  Gateway  
  16  0:48  Assimilator, Probe (Chrono Boost)  
  17  0:53  Probe (Chrono Boost)  
  18  1:04  Probe (Chrono Boost)  
  19  1:07  Assimilator  
  19  1:09  Pylon  
  19  1:13  Probe (Chrono Boost)  
  19  1:18  Probe (Chrono Boost)  
  20  1:25  Cybernetics Core  
  21  1:30  Probe  
  22  1:42  Probe  
  23  1:54  Probe  
  24  2:03  Stalker (Chrono Boost)  
  24  2:04  Stargate  
  26  2:15  Warp Gate  
  26  2:21  Pylon  
  26  2:25  Stalker  
  28  2:33  Shield Battery  
  28  2:44  Shield Battery  
  28  2:46  Void Ray (Chrono Boost)  
  28  2:57  Shield Battery  
  31  3:10  Pylon  
  31  3:12  Nexus  
  31  3:14  Probe  
  32  3:26  Oracle (Chrono Boost)  
  30  3:29  Probe  
  34  3:41  Probe  
  34  3:43  Shield Battery  
  35  3:57  Pylon  
  39  4:11  Pylon  
  39  4:15  Probe  
  40  4:22  Oracle  
  40  4:23  Probe (Chrono Boost)  
  40  4:27  Probe (Chrono Boost)  
  40  4:30  Robotics Facility  
  41  4:35  Probe (Chrono Boost)  
  43  4:38  Probe (Chrono Boost)  
  43  4:40  Twilight Council  
  43  4:41  Probe (Chrono Boost)  
  43  4:43  Probe (Chrono Boost)  
  45  4:45  Gateway  
  45  4:50  Probe  
  46  4:53  Probe  
  46  4:55  Assimilator  
  46  4:57  Assimilator  
  47  5:02  Probe  
  47  5:06  Probe  
  49  5:12  Gateway  
  50  5:14  Probe  
  50  5:18  Observer (Chrono Boost), Charge, Probe  
  52  5:21  Sentry  
  52  5:26  Probe  
  52  5:27  Gateway  
  55  5:30  Probe  
  55  5:34  Immortal (Chrono Boost)  
  56  5:42  Stalker  
  62  5:46  Probe x2  
  64  5:53  Stalker  
  66  5:59  Pylon  
  64  6:15  Pylon, Immortal (Chrono Boost)  
  66  6:18  Pylon  
  66  6:22  Templar Archives  
  66  6:23  Probe  
  66  6:24  Gateway  
  67  6:45  Immortal (Chrono Boost)  
  67  6:46  Gateway  
  67  6:48  Gateway  
  67  6:53  Templar Archives  
  71  6:55  Gateway  
  71  6:59  Pylon  
  71  7:10  Observer  
  71  7:14  Warp Prism (Chrono Boost)  
  71  7:16  High Templar x2  
  71  7:17  High Templar  
  71  7:19  High Templar, Zealot  
  71  7:21  Pylon  
  71  7:22  Archon  
  83  7:23  Pylon, Archon  
  83  7:28  Pylon  
  83  7:30  Pylon  
  83  7:41  Zealot x2  
  83  7:42  Observer (Chrono Boost)  
  88  7:48  Zealot x2  
  88  7:49  Gateway  
  92  7:55  Zealot x3  
  98  8:02  Zealot  
  100  8:16  High Templar  
  100  8:17  High Templar, Zealot x3  
  100  8:18  Zealot x2  
  113  8:22  Archon  
  113  8:23  Zealot  
  94  8:43  Zealot x6  
  98  9:05  High Templar x4  
  98  9:06  Zealot x4  
  98  9:09  Archon  
  112  9:10  Archon  
  92  9:26  Zealot x4  

Tags
 
Add a new tag
Caveats
  • Supply blocks, unpowered buildings, or Contaminate may cause inaccurate times.
  • Supply counts are checked every 10 seconds.